3R
BALLARD BEAVERS @ MAINE SEA DOGS
09/05/2042
 
TOP OF THE 1ST
Ballard Beavers batting - Pitching for Maine Sea Dogs : LHP Vic Cox
Pitching: LHP Vic Cox
Batting: RHB Eli Johnson 0-0: Ground out 5-3 (Groundball, 56S, EV 80.0 MPH)
Batting: RHB Kevin Neal 0-0: Ball
1-0: Foul Ball, location: 2F
1-1: Ball
2-1: Foul Ball, location: 2F
2-2: Foul Ball, location: 2F
2-2: Foul Ball, location: 2F
2-2: Ground out 6-3 (Groundball, 6, EV 101.9 MPH)
Batting: RHB Chip Haines 0-0: Called Strike
0-1: SINGLE (Groundball, 4MD, EV 101.9 MPH)
Batting: RHB Rich Joyner 0-0: Ball
1-0: Ball
2-0: Ball
3-0: Called Strike
3-1: Base on Balls
Chip Haines to second
Batting: RHB John Johnson 0-0: Ball
1-0: Called Strike
1-1: DOUBLE (Flyball, 8RXD, EV 103.8 MPH)
Chip Haines scores
Rich Joyner to third
Runner from 3rd tries for Home, SAFE, no throw by CF
Batting: RHB John Reed 0-0: Swinging Strike
0-1: Ball
1-1: Ball
2-1: Foul Ball, location: 2F
2-2: Strikes out swinging
Top of the 1st over - 2 runs, 2 hits, 0 errors, 1 left on base; Ballard 2 - Maine 0
BOTTOM OF THE 1ST
Maine Sea Dogs batting - Pitching for Ballard Beavers : LHP William Stevens
Pitching: LHP William Stevens
Batting: RHB Phil Hogan 0-0: Ball
1-0: DOUBLE (Line Drive, 8RXD, EV 101.9 MPH)
Batting: RHB Yong-oon P'i 0-0: Foul Ball, location: 2F
0-1: Ball
1-1: Foul Ball, location: 2F
1-2: Ball
2-2: Ball
3-2: SINGLE (Groundball, 56D, EV 110.0 MPH)
Phil Hogan to third
Batting: SHB Cristóbal Calzacorta 0-0: DOUBLE (Line Drive, 8RXD, EV 96.9 MPH)
Phil Hogan scores
Yong-oon P'i to third
Batting: SHB José Santos 0-0: Called Strike
0-1: Fly out, F8 (Flyball, 8LD, EV 97.5 MPH)
Runner from 3rd tags up, OUT at HOME! 8-2
Cristóbal Calzacorta to third
Batting: RHB Joe Fuller 0-0: Ball
1-0: Ball
2-0: Foul Ball, location: 2F
2-1: Fly out, F3 (Line Drive, 3, EV 66.9 MPH)
Bottom of the 1st over - 1 run, 3 hits, 0 errors, 1 left on base; Ballard 2 - Maine 1
TOP OF THE 2ND
Ballard Beavers batting - Pitching for Maine Sea Dogs : LHP Vic Cox
Batting: RHB José López 0-0: Fly out, F7 (Flyball, 7S, EV 85.0 MPH)
Batting: RHB Jim McDermott 0-0: Ball
1-0: SINGLE (Groundball, 6MD, EV 105.6 MPH)
Batting: LHB Shane Holman 0-0: Called Strike
0-1: Ball
1-1: Swinging Strike
1-2: Foul Ball, location: 2F
1-2: SINGLE (Groundball, 6MD, EV 105.6 MPH)
Jim McDermott to second
Batting: RHB Eli Johnson 0-0: Swinging Strike
0-1: Foul Ball, location: 2F
0-2: Fielders Choice at 2nd, 6-4 (Groundball, 56, EV 90.6 MPH)
Jim McDermott to third
Batting: RHB Kevin Neal 0-0: Ball
1-0: Called Strike
1-1: Foul Ball, location: 2F
1-2: Foul Ball, location: 2F
1-2: Ball
2-2: Foul Ball, location: 2F
2-2: SINGLE (Line Drive, 34D, EV 96.9 MPH)
Jim McDermott scores
Eli Johnson to second
Runner from 2nd tries for 3rd, SAFE, no throw by RF
Batting: RHB Chip Haines 0-0: Swinging Strike
0-1: Ball
1-1: Called Strike
1-2: Strikes out swinging
Top of the 2nd over - 1 run, 3 hits, 0 errors, 2 left on base; Ballard 3 - Maine 1
BOTTOM OF THE 2ND
Maine Sea Dogs batting - Pitching for Ballard Beavers : LHP William Stevens
Batting: RHB Javier Carrodeguas 0-0: Swinging Strike
0-1: Called Strike
0-2: Strikes out looking
Batting: LHB Héctor Ancelno 0-0: Called Strike
0-1: Swinging Strike
0-2: Strikes out swinging
Batting: LHB Bernard Alonso 0-0: Ball
1-0: Ball
2-0: Swinging Strike
2-1: Called Strike
2-2: Ball
3-2: Strikes out swinging
Bottom of the 2nd over - 0 runs, 0 hits, 0 errors, 0 left on base; Ballard 3 - Maine 1
TOP OF THE 3RD
Ballard Beavers batting - Pitching for Maine Sea Dogs : LHP Vic Cox
Batting: RHB Rich Joyner 0-0: Foul Ball, location: 2F
0-1: Called Strike
0-2: Ball
1-2: Fly out, F9 (Flyball, 9S, EV 87.5 MPH)
Batting: RHB John Johnson 0-0: Called Strike
0-1: Fly out, F7 (Flyball, 78M, EV 88.8 MPH)
Batting: RHB John Reed 0-0: Ball
1-0: Called Strike
1-1: Foul Ball, location: 2F
1-2: Foul Ball, location: 2F
1-2: Foul Ball, location: 2F
1-2: Ball
2-2: Ball
3-2: DOUBLE (Line Drive, 5D, EV 102.5 MPH)
Batting: RHB José López 0-0: Ball
1-0: Called Strike
1-1: Called Strike
1-2: Strikes out swinging
Top of the 3rd over - 0 runs, 1 hit, 0 errors, 1 left on base; Ballard 3 - Maine 1
BOTTOM OF THE 3RD
Maine Sea Dogs batting - Pitching for Ballard Beavers : LHP William Stevens
Batting: RHB José Arizandieta 0-0: Ball
1-0: Ball
2-0: Ball
3-0: Base on Balls
Batting: RHB Phil Hogan 0-0: Called Strike
0-1: Foul Ball, location: 2F
0-2: Ball
1-2: Ball
2-2: Ball
3-2: SINGLE (Groundball, 6D, EV 101.2 MPH)
José Arizandieta to second
Batting: RHB Yong-oon P'i 0-0: Ball
1-0: Ball
2-0: Called Strike
2-1: Foul Ball, location: 2F
2-2: Foul Ball, location: 2F
2-2: Hit by Pitch
José Arizandieta to third
Phil Hogan to second
Pinch Runner at 1st Michael Weber:
Batting: SHB Cristóbal Calzacorta 0-0: Ball
1-0: Grounds into fielders choice 1-2 (Groundball, 34S, EV 84.4 MPH)
Phil Hogan to third
Michael Weber to second
Batting: SHB José Santos 0-0: Ball
1-0: Called Strike
1-1: Foul Ball, location: 2F
1-2: Ball
2-2: Fly out, F7 (Line Drive, 7D, EV 105.0 MPH)
Runner from 3rd tags up, SCORES, no throw by LF
Batting: RHB Joe Fuller 0-0: Ball
Passed Ball!
Michael Weber to third
Cristóbal Calzacorta to second
1-0: Ball
2-0: Swinging Strike
2-1: Foul Ball, location: 2F
2-2: Ball
3-2: SINGLE (Line Drive, 7, EV 90.6 MPH)
Michael Weber scores
Cristóbal Calzacorta to third
Cristóbal Calzacorta scores
Batting: RHB Javier Carrodeguas 0-0: SINGLE (Groundball, 56D, EV 96.9 MPH)
Joe Fuller to second
Batting: LHB Héctor Ancelno 0-0: Foul Ball, location: 2F
0-1: Ball
1-1: Foul Ball, location: 2F
1-2: Strikes out looking
Bottom of the 3rd over - 3 runs, 3 hits, 0 errors, 2 left on base; Ballard 3 - Maine 4
TOP OF THE 4TH
Ballard Beavers batting - Pitching for Maine Sea Dogs : LHP Vic Cox
Now at 1B: César Sánchez
Batting: RHB Jim McDermott 0-0: Ground out 5-3 (Groundball, 5L, EV 82.5 MPH)
Batting: LHB Shane Holman 0-0: Called Strike
0-1: Foul Ball, location: 2F
0-2: Ground out 4-3 (Groundball, 4, EV 101.2 MPH)
Batting: RHB Eli Johnson 0-0: Called Strike
0-1: Ball
1-1: Fly out, F3 (Popup, 3, EV 60.0 MPH)
Top of the 4th over - 0 runs, 0 hits, 0 errors, 0 left on base; Ballard 3 - Maine 4
BOTTOM OF THE 4TH
Maine Sea Dogs batting - Pitching for Ballard Beavers : LHP William Stevens
Batting: LHB Bernard Alonso 0-0: Foul Ball, location: 2F
0-1: Ball
1-1: Swinging Strike
1-2: Fly out, F6 (Popup, 6MD, EV 63.8 MPH)
Batting: RHB José Arizandieta 0-0: Foul Ball, location: 2F
0-1: SINGLE (Line Drive, 6D, EV 101.2 MPH)
Batting: RHB Phil Hogan 0-0: Ball
1-0: Ball
2-0: Called Strike
2-1: Ball
3-1: Called Strike
3-2: Foul Ball, location: 2F
3-2: Base on Balls
José Arizandieta to second
Batting: SHB César Sánchez 0-0: Called Strike
0-1: Fly out, F9 (Flyball, 9LMF, EV 96.2 MPH)
Batting: SHB Cristóbal Calzacorta 0-0: Ball
1-0: Called Strike
1-1: Fielders Choice at 2nd, 6-4 (Groundball, 6, EV 106.9 MPH)
Bottom of the 4th over - 0 runs, 1 hit, 0 errors, 2 left on base; Ballard 3 - Maine 4
TOP OF THE 5TH
Ballard Beavers batting - Pitching for Maine Sea Dogs : LHP Vic Cox
Batting: RHB Kevin Neal 0-0: Ball
1-0: Called Strike
1-1: Called Strike
1-2: Ball
2-2: Foul Ball, location: 2F
2-2: Ball
3-2: Foul Ball, location: 2F
3-2: Strikes out swinging
Batting: RHB Chip Haines 0-0: Ball
1-0: Ball
2-0: Ball
3-0: Called Strike
3-1: SINGLE (Groundball, 6S, EV 68.1 MPH) (infield hit)
Batting: RHB Rich Joyner 0-0: Called Strike
0-1: Fly out, F2 (Popup, 2R, EV 93.8 MPH)
Batting: RHB John Johnson 0-0: Ball
1-0: Ball
2-0: Foul Ball, location: 2F
2-1: Ball
3-1: Fielders Choice at 2nd, 5-4 (Groundball, 56, EV 84.4 MPH)
Top of the 5th over - 0 runs, 1 hit, 0 errors, 1 left on base; Ballard 3 - Maine 4
BOTTOM OF THE 5TH
Maine Sea Dogs batting - Pitching for Ballard Beavers : LHP William Stevens
Batting: SHB José Santos 0-0: Ball
1-0: Ball
2-0: DOUBLE (Flyball, 78XD, EV 96.9 MPH)
Batting: RHB Joe Fuller 0-0: Called Strike
0-1: Ball
1-1: Ball
2-1: Fly out, F4 (Popup, 3D, EV 61.2 MPH)
Batting: RHB Javier Carrodeguas 0-0: Ground out 6-3 (Groundball, 6, EV 85.6 MPH)
Batting: LHB Héctor Ancelno 0-0: Swinging Strike
0-1: Swinging Strike
0-2: Ball
1-2: Ball
2-2: Ground out U3 (Groundball, 3L, EV 106.9 MPH)
Bottom of the 5th over - 0 runs, 1 hit, 0 errors, 1 left on base; Ballard 3 - Maine 4
TOP OF THE 6TH
Ballard Beavers batting - Pitching for Maine Sea Dogs : LHP Vic Cox
Batting: RHB John Reed 0-0: Ball
1-0: Called Strike
1-1: Fly out, F9 (Flyball, 9LSF, EV 88.1 MPH)
Pitching: RHP Ignacio González
Batting: RHB José López 0-0: Ball
1-0: Ball
2-0: Ball
3-0: Called Strike
3-1: Called Strike
3-2: Base on Balls
Batting: RHB Jim McDermott 0-0: Foul Ball, location: 2F
0-1: Swinging Strike
0-2: Strikes out swinging
Batting: LHB Shane Holman 0-0: Ball
1-0: SINGLE (Flyball, 78S, EV 95.6 MPH)
José López to second
Batting: RHB Eli Johnson 0-0: Ball
1-0: Foul Ball, location: 2F
1-1: Called Strike
1-2: Foul Ball, location: 2F
1-2: Ground out 3-1 (Groundball, 34, EV 82.5 MPH)
Top of the 6th over - 0 runs, 1 hit, 0 errors, 2 left on base; Ballard 3 - Maine 4
BOTTOM OF THE 6TH
Maine Sea Dogs batting - Pitching for Ballard Beavers : LHP William Stevens
Pitching: RHP Tom Simon
Batting: LHB Bernard Alonso 0-0: Fly out, F8 (Flyball, 8RS, EV 79.4 MPH)
Batting: RHB José Arizandieta 0-0: Called Strike
0-1: Foul Ball, location: 2F
0-2: Ball
1-2: Strikes out swinging
Batting: RHB Phil Hogan 0-0: Called Strike
0-1: Swinging Strike
0-2: Strikes out swinging
Bottom of the 6th over - 0 runs, 0 hits, 0 errors, 0 left on base; Ballard 3 - Maine 4
TOP OF THE 7TH
Ballard Beavers batting - Pitching for Maine Sea Dogs : RHP Ignacio González
Batting: RHB Kevin Neal 0-0: Foul Ball, location: 2F
0-1: Ball
1-1: Called Strike
1-2: Ball
2-2: Ball
3-2: Foul Ball, location: 2F
3-2: Ground out 6-3 (Groundball, 6, EV 95.0 MPH)
Batting: RHB Chip Haines 0-0: Foul Ball, location: 2F
0-1: Called Strike
0-2: Foul Ball, location: 2F
0-2: Ball
1-2: Fly out, F9 (Line Drive, 9, EV 85.6 MPH)
Batting: RHB Rich Joyner 0-0: Ball
1-0: Ball
2-0: Foul Ball, location: 2F
2-1: Ball
3-1: SINGLE (Groundball, 6D, EV 105.6 MPH)
Batting: RHB John Johnson 0-0: Called Strike
0-1: Called Strike
0-2: Ball
1-2: Strikes out swinging
Top of the 7th over - 0 runs, 1 hit, 0 errors, 1 left on base; Ballard 3 - Maine 4
BOTTOM OF THE 7TH
Maine Sea Dogs batting - Pitching for Ballard Beavers : RHP Tom Simon
Batting: SHB César Sánchez 0-0: Ball
1-0: Foul Ball, location: 2F
1-1: Foul Ball, location: 2F
1-2: Ball
2-2: Strikes out swinging
Batting: SHB Cristóbal Calzacorta 0-0: Called Strike
0-1: Called Strike
0-2: Strikes out swinging, 2-3 out at first.
Batting: SHB José Santos 0-0: Called Strike
0-1: Ball
1-1: Ball
2-1: Ground out 4-3 (Groundball, 4MS, EV 90.0 MPH)
Bottom of the 7th over - 0 runs, 0 hits, 0 errors, 0 left on base; Ballard 3 - Maine 4
TOP OF THE 8TH
Ballard Beavers batting - Pitching for Maine Sea Dogs : RHP Ignacio González
Batting: RHB John Reed 0-0: Called Strike
0-1: Ball
1-1: Foul Ball, location: 2F
1-2: Foul Ball, location: 2F
1-2: Foul Ball, location: 2F
1-2: Foul Ball, location: 2F
1-2: Ball
2-2: Ball
3-2: Fly out, F8 (Flyball, 8RM, EV 84.4 MPH)
Batting: RHB José López 0-0: Foul Ball, location: 2F
0-1: SINGLE (Line Drive, 7LM, EV 100.0 MPH)
Pitching: LHP Yoshida Sasaki
Pinch Hitting: RHB Eldon Broadus 0-0: Swinging Strike
0-1: Ball
1-1: Ball
2-1: Ball
3-1: Foul Ball, location: 2F
3-2: Foul Ball, location: 2F
3-2: Foul Ball, location: 2F
3-2: Foul Ball, location: 2F
3-2: Fly out, F9 (Flyball, 9LMF, EV 90.6 MPH)
Pinch Hitting: RHB Barry Miller 0-0: Foul Ball, location: 2F
0-1: Foul Ball, location: 2F
0-2: Strikes out swinging
Top of the 8th over - 0 runs, 1 hit, 0 errors, 1 left on base; Ballard 3 - Maine 4
BOTTOM OF THE 8TH
Maine Sea Dogs batting - Pitching for Ballard Beavers : RHP Tom Simon
Now at SS: Barry Miller
Now in LF: José Romero
Batting: RHB Joe Fuller 0-0: Ball
1-0: Foul Ball, location: 2F
1-1: SINGLE (Groundball, 34D, EV 101.2 MPH)
Batting: RHB Javier Carrodeguas 0-0: Called Strike
0-1: Fly out, F3 (Popup, 3SF, EV 65.6 MPH)
Batting: LHB Héctor Ancelno 0-0: Ball
1-0: DOUBLE (Line Drive, 78M, EV 105.6 MPH)
Joe Fuller to third
Batting: LHB Bernard Alonso 0-0: DOUBLE (Line Drive, 78XD, EV 110.6 MPH)
Joe Fuller scores
Héctor Ancelno scores
Batting: RHB José Arizandieta 0-0: Foul Ball, location: 2F
0-1: Ball
1-1: Foul Ball, location: 2F
1-2: Foul Ball, location: 2F
1-2: Ball
2-2: Ball
3-2: Foul Ball, location: 2F
3-2: Base on Balls
Pitching: LHP Gastão Fontana
Batting: RHB Phil Hogan 0-0: Foul Ball, location: 2F
0-1: Ball
1-1: Ball
2-1: Fly out, F8 (Flyball, 8RM, EV 95.6 MPH)
Batting: SHB César Sánchez 0-0: Ground out 5-3 (Groundball, 56S, EV 64.4 MPH)
Bottom of the 8th over - 2 runs, 3 hits, 0 errors, 2 left on base; Ballard 3 - Maine 6
TOP OF THE 9TH
Ballard Beavers batting - Pitching for Maine Sea Dogs : LHP Yoshida Sasaki
Pitching: RHP Rob Green
Batting: RHB Eli Johnson 0-0: Called Strike
0-1: Foul Ball, location: 2F
0-2: Fly out, F4 (Popup, 23, EV 90.0 MPH)
Batting: RHB Kevin Neal 0-0: Foul Ball, location: 2F
0-1: Swinging Strike
0-2: Ball
1-2: Ball
2-2: Strikes out looking
Batting: RHB Chip Haines 0-0: Ball
1-0: Foul Ball, location: 2F
1-1: Swinging Strike
1-2: Ball
2-2: Fly out, F4 (Popup, 4D, EV 50.6 MPH)
Top of the 9th over - 0 runs, 0 hits, 0 errors, 0 left on base; Ballard 3 - Maine 6
Friday, March 26th, 2021 - OOTP Baseball 20.8 Build 74